 Dungeon Crawl Stone Soup version 0.30-a0-135-g630cfc4551 (webtiles) character file.

Game seed: 15415436174228678245

34 LnG the Caller (level 3, -1/19 HPs)
             Began as a Kobold Summoner on Sept 20, 2022.
             Slain by an iguana (4 damage)
             ... on level 5 of the Dungeon.
             The game lasted 00:09:21 (2398 turns).

LnG the Caller (Kobold Summoner)                    Turns: 2398, Time: 00:09:22

Health: -1/19      AC:  2    Str:  5    XL:     3   Next: 50%
Magic:  5/7        EV: 15    Int: 18    God:
Gold:   14         SH:  0    Dex: 15    Spells: 1/7 levels left

rFire   . . .      SeeInvis .    (weapon restricted)
rCold   . . .      Faith    .    (no shield)
rNeg    . . .      Spirit   .    a - +0 robe
rPois   .          Reflect  .    (no helmet)
rElec   .          Harm     .    (no cloak)
rCorr   .          Rampage  .    (no gloves)
Will    .....                    (no boots)
Stlth   +++.......               (no amulet)
HPRegen 0.06/turn                (no ring)
MPRegen 0.10/turn                (no ring)

@: no status effects
A: small, no large weapons, nightstalker 3
a: no special abilities


You were on level 5 of the Dungeon.
You visited 1 branch of the dungeon, and saw 4 of its levels.

You collected 14 gold pieces.

Inventory:

Armour
 a - a +0 robe (worn)
 j - a +0 ring mail
Jewellery
 i - a ring of fire
Scrolls
 d - 2 scrolls of identify {unknown}
 e - a scroll of immolation {unknown}
 f - a scroll of teleportation {unknown}
 m - a scroll of summoning {unknown}
 n - a scroll of fear {unknown}
 q - a scroll of enchant weapon {unknown}
Potions
 b - a potion of magic
 c - 3 potions of lignification {unknown}
 g - a potion of mutation {unknown}
 h - a potion of attraction {unknown}
 k - a potion of ambrosia {unknown}
 l - a potion of curing {unknown}
 o - a potion of invisibility {unknown}
 p - a potion of haste {unknown}


   Skills:
 + Level 2.9 Dodging
 + Level 2.7 Stealth
 + Level 2.9 Spellcasting
 + Level 4.4 Summonings


You had one spell level left.
You knew the following spells:

 Your Spells              Type           Power      Damage    Failure   Level
a - Summon Small Mammal   Summ           72%        N/A       2%          1
b - Call Imp              Summ           18%        N/A       4%          2
c - Call Canine Familiar  Summ           18%        N/A       8%          3

Your spell library contained the following spells:

 Spells                   Type           Power      Damage    Failure   Level
 Slow                     Hex            8%         N/A       17%         1
 Summon Guardian Golem    Hex/Summ       10%        N/A       21%         3
 Confusing Touch          Hex            2%         N/A       45%         3
 Vampiric Draining        Necr           2%         2d6       45%         3
 Summon Lightning Spire   Summ/Air       10%        N/A       54%         4


Dungeon Overview and Level Annotations

Branches:
Dungeon (3/15)

Altars:

Shops:
D:2 ?


Innate Abilities, Weirdness & Mutations

You are small and have problems with some larger weapons.
You are completely attuned to the shadows.


Message History

q - a scroll labelled ITETZU ABIY Your hound disappears in a puff of smoke!
Found a scroll labelled LAZXUI JYMAERGH.
d - 2 scrolls labelled LAZXUI JYMAERGH (gained 1)
A sourceless malevolence fills the Dungeon...
You fall into a shaft and drop 2 floors!
The shaft crumbles and collapses.
A phantom comes into view.
Casting: Call Canine Familiar (extremely dangerous; 8% risk of failure)
Confirm with . or Enter, or press ? or * to list all spells.
The spell is extremely dangerous to miscast (8% risk of failure)!
Continue anyway?
Unknown command.
Your hound misses the phantom. The phantom hits you.
The phantom attacks as you move away! The phantom closely misses you.
Your hound closely misses the phantom.
Your hound bites the phantom.
Found a scroll labelled KUCUZI SANUGI.
An iguana comes into view.
The iguana hisses angrily.
Your hound bites the phantom but does no damage.
Your hound bites the phantom but does no damage.
The phantom attacks as you move away! The phantom hits you.
Found a scroll labelled BEOH SAL GUXO.
The phantom attacks as you move away! The phantom hits you.
The iguana barely misses you.
You see here a scroll labelled KUCUZI SANUGI.
The iguana attacks as you move away! The iguana barely misses you.
Your hound barely misses the phantom.
The iguana attacks as you move away! The iguana closely misses you.
The phantom attacks as you move away! The phantom barely misses you.
Your hound bites the phantom but does no damage.
The phantom closely misses your hound. The iguana attacks as you move away!
The iguana bites you!
Ouch! That really hurt!
* * * LOW HITPOINT WARNING * * *
Your hound barely misses the phantom.
Your hound bites the phantom.
The iguana barely misses you.
Your hound barely misses the phantom.
The iguana attacks as you move away! The iguana bites you.
You die...

##...### ##...
#..#...### #...
##........####.#
#.....?........#
##........#.#####
#...h.......#
##.#.W......##
#...l.......#
###.@.....
###...# ##.. ##


You could see a phantom (ally target), an iguana and a friendly hound
(summoned).

Vanquished Creatures (collateral kills)
  A dart slug (D:2)
  An endoplasm (D:1)
  3 giant cockroaches
  A goblin (D:1)
  4 hobgoblins
  3 jackals (D:1)
  4 kobolds
  2 quokkas
  A ball python (D:1)
  A bat (D:1)
  3 frilled lizards (D:1)
  6 rats
30 creatures vanquished.

Notes
Turn   | Place    | Note
-------+----------+-------------------------------------------
     0 | D:1      | LnG the Kobold Summoner began the quest for the Orb.
     0 | D:1      | Reached XP level 1. HP: 10/10 MP: 3/3
   332 | D:1      | Reached XP level 2. HP: 10/15 MP: 1/5
   427 | D:1      | Learned a level 2 spell: Call Imp
  1294 | D:2      | Reached XP level 3. HP: 12/19 MP: 1/7
  1304 | D:2      | Learned a level 3 spell: Call Canine Familiar
  1845 | D:2      | Found Ybiuvaf's Magic Scroll Shop.
  2378 | D:3      | You fall into a shaft and drop 2 floors!
  2378 | D:5      | Entered Level 5 of the Dungeon
  2380 | D:5      | Noticed a phantom
  2398 | D:5      | Slain by an iguana

Illustrated notes

Levels and vault maps discovered:
D:1:      roderic_lyre, layout_rooms
D:2:      layout_basic, serial_shops,
          nicolae_shop_temple_entry_statues_fountains
D:3:      layout_loops_ring, nemelex_spade_bored_becter, uniq_grinder
D:5:      minmay_skewed_foursquare, layout_basic,
          grunt_temple_overflow_order_and_chaos_2, uniq_crazy_yiuf_cottage

Action                   || total
-------------------------++-------
Melee: Unarmed           ||    11
 Cast: Summon Small Mamm ||    28
       Call Imp          ||    10
       Call Canine Famil ||     9
Armor: Robe              ||     9
Dodge: Dodged            ||    48

Table legend: (Time is in decaauts)
 A = Elapsed time spent in this place.
 B = Non-inter-level travel time spent in this place.
 C = Inter-level travel time spent in this place.
 D = Time resting spent in this place.
 E = Time spent auto-exploring this place.
 F = Levels seen in this place.
 G = Mean time per level.
                   A        B        C        D        E       F      G
               +--------+--------+--------+--------+--------+-----+--------+
         Total |   2397 |   2164 |    233 |     92 |    798 |   4 |  599.2 |
       Dungeon |   2397 |   2164 |    233 |     92 |    798 |   4 |  599.2 |
               +--------+--------+--------+--------+--------+-----+--------+

Top non-repeatable levels by time:
     D:2: 1320 daAuts
     D:1: 1012 daAuts
     D:3: 44 daAuts
     D:5: 19 daAuts
